 Dungeon Crawl Stone Soup version 0.14-a0-1192-g192f278 (webtiles) character file.

1638 PolkaDot the Jinx (level 8, 0/52 HPs)
             Began as a Vampire Enchanter on Dec 1, 2013.
             Was an Initiate of Ashenzari.
             Slain by cedor's ghost (8 damage)
             ... on Level 7 of the Dungeon.
             The game lasted 00:19:03 (5917 turns).

PolkaDot the Jinx (Vampire Enchanter)               Turns: 5917, Time: 00:19:04

HP   0/52        AC  5     Str  7      XL: 8   Next: 39%
MP  14/22        EV 12     Int 17      God: Ashenzari [......]
Gold 262         SH 10     Dex 16      Spells:  3 memorised,  3 levels left

rFire  . . .     SeeInvis +     k - +0,+2 dagger (venom)
rCold  + + .     Clarity  .     b - +1 robe
rNeg   + + +     Conserve .     u - -1 dwarf buckler (curse)
rPois  +         rCorr    .     (no helmet)
rElec  .         rRot     +     q - +0 cloak
SustAb . .       Spirit   .     (no gloves)
rMut   .         Warding  .     a - +0 pair of orc boots
Saprov . . .     Stasis   .     (no amulet)
                                (no ring)
                                h - cursed ring of magical power

@: non-regenerating, somewhat resistant to hostile enchantments, extremely
stealthy
A: bottle blood, fangs 3, see invisible, unbreathing
a: Bat Form, Bottle Blood, Renounce Religion


You were on level 7 of the Dungeon.
You worshipped Ashenzari.
Ashenzari was noncommittal.
You were bloodless.

You visited 2 branches of the dungeon, and saw 8 of its levels.

You collected 262 gold pieces.

Inventory:

Hand weapons
 k - a +0,+2 dagger of venom (weapon)
Missiles
 d - 12 darts (quivered)
Armour
 a - a +0 pair of orcish boots (worn)
 b - a +1 robe (worn)
 q - a +0 cloak (worn)
 u - a cursed -1 dwarven buckler (worn)
Magical devices
 s - a wand of cold (11)
 v - a wand of lightning (4) {unknown}
 B - a wand of polymorph (11) {unknown}
Scrolls
 f - a scroll of enchant armour {unknown}
 g - a scroll of remove curse
 j - 4 scrolls of enchant weapon I {unknown}
 l - a scroll of fog {unknown}
 n - a scroll of fear
 p - 4 scrolls of identify
 r - 3 scrolls of teleportation {unknown}
 t - a scroll of random uselessness {unknown}
 w - a scroll of amnesia {unknown}
 A - a scroll of curse jewellery
Jewellery
 h - a cursed ring of magical power (left hand)
 m - an uncursed ring of teleportation
 y - an uncursed amulet of guardian spirit
 z - an uncursed ring of positive energy {unknown}
Potions
 e - 4 potions of curing
 i - 2 potions of restore abilities
 o - a potion of magic
 x - 2 potions of brilliance
Books
 c - a book of Maledictions

   Spells                             Type                      Level
   *Corona                            Hexes                        1
   Sure Blade                         Hexes/Charms                 2
   *Ensorcelled Hibernation           Hexes/Ice                    2
   *Confuse                           Hexes                        3
   Enslavement                        Hexes                        4
   Invisibility                       Hexes                        6


   Skills:
 - Level 5.0 Short Blades
 - Level 0.7 Throwing
 - Level 2.1 Dodging
 + Level 8.6 Stealth
 * Level 2.9 Shields
 - Level 1.0 Spellcasting
 + Level 10.5 Hexes


You had 3 spell levels left.
You knew the following spells:

 Your Spells              Type           Power        Failure   Level  Hunger
a - Corona                Hex            #####..      1%          1    ##.....
c - Confuse               Hex            #####...     1%          3    ####...
d - Ensorcelled Hibernat  Hex/Ice        ###...       3%          2    ###....


Dungeon Overview and Level Annotations

Branches:
Dungeon (7/16)             Temple (1/1) D:5

Altars:
Ashenzari
Cheibriados
Elyvilon
Fedhas
Kikubaaqudgha
Makhleb
Nemelex Xobeh
Okawaru
Sif Muna
Trog
Vehumet
Xom
Yredelemnul
Zin
the Shining One

Annotations:
D:7 cedor's ghost, experienced DsSk


Innate Abilities, Weirdness & Mutations

You do not heal naturally.
You can bottle blood from corpses.
You have razor-sharp teeth.*
You have supernaturally acute eyesight.
You can survive without breathing.*


Message History

Press: ? - help, Shift-Dir - straight line, f/p - cedor's ghost
Aim: cedor's ghost Cedor's ghost resists.
Casting: Confuse
Confirm with . or Enter, or press ? or * to list all spells.
Aiming: Confuse
Press: ? - help, Shift-Dir - straight line, f/p - cedor's ghost
Aim: cedor's ghost Cedor's ghost resists with some effort.
Casting: Confuse
Confirm with . or Enter, or press ? or * to list all spells.
Aiming: Confuse
Press: ? - help, Shift-Dir - straight line, f/p - cedor's ghost
Aim: cedor's ghost Cedor's ghost easily resists.
Cedor's ghost makes a sound of rattling chains.
Cedor's ghost hits you!
* * * LOW HITPOINT WARNING * * *
Cedor's ghost hits you!
You die...

#################
#.................
#.#######......... #.#
#........# #.#
#........# #.#
#........#
#.#######........#
#......@p......<.#
#.#########......# #.#
#......# #.#
#......######
#.#########.............
#>......................
#?........?.............
#.. ............########
. ##+###+##..%#


You could see cedor's ghost.

Vanquished Creatures
  A slime creature (D:6)
  An ice beast (D:6)
  The ghost of Egon the Digger, an average GrEE (D:3)
  A gnoll sergeant (D:5)
  5 wights
  5 jellies (D:6)
  Crazy Yiuf (D:3)
  2 hounds (D:6)
  3 scorpions
  5 orc wizards
  An iguana (D:4)
  2 worker ants
  4 adders
  10 gnolls
  3 giant mites
  A worm (D:3)
  An adder zombie (D:5)
  An iguana skeleton (D:5)
  An ooze (D:6)
  18 orcs
  A bat skeleton (D:6)
  8 goblins
  12 hobgoblins
  7 kobolds
  3 ball pythons
  6 bats
  3 giant cockroaches
  4 giant geckos
  A giant gecko skeleton (D:5)
  3 giant newts
  A jackal (D:5)
  A kobold skeleton (D:4)
  A kobold zombie (D:5)
  3 quokkas
  12 rats
133 creatures vanquished.

Vanquished Creatures (others)
  A fungus (D:6)
1 creature vanquished.

Grand Total: 134 creatures vanquished

Notes
Turn   | Place    | Note
--------------------------------------------------------------
     0 | D:1      | PolkaDot, the Vampire Enchanter, began the quest for the Orb.
     0 | D:1      | Reached XP level 1. HP: 13/13 MP: 4/4
   186 | D:1      | Reached XP level 2. HP: 16/19 MP: 5/5
   871 | D:2      | Reached XP level 3. HP: 16/24 MP: 6/6
   881 | D:2      | Learned a level 3 spell: Confuse
  1347 | D:3      | Noticed Egon's ghost (average GrEE)
  1422 | D:3      | HP: 1/24 [Egon's ghost (7)]
  1427 | D:3      | Killed Egon's ghost
  1427 | D:3      | Reached skill level 5 in Hexes
  1427 | D:3      | Reached XP level 4. HP: 2/30 MP: 2/8
  1732 | D:3      | Noticed Crazy Yiuf
  1745 | D:3      | Killed Crazy Yiuf
  1745 | D:3      | Reached skill level 5 in Stealth
  1745 | D:3      | Reached skill level 6 in Hexes
  1745 | D:3      | Reached XP level 5. HP: 15/35 MP: 6/9
  1771 | D:3      | HP: 1/35 [wight/mace (9)]
  2180 | D:3      | Reached skill level 7 in Hexes
  2180 | D:3      | Reached XP level 6. HP: 14/41 MP: 5/10
  2747 | D:3      | Learned a level 2 spell: Ensorcelled Hibernation
  3370 | D:4      | Reached skill level 8 in Hexes
  3695 | D:5      | Entered Level 5 of the Dungeon
  3734 | D:5      | Reached XP level 7. HP: 41/46 MP: 11/11
  3989 | D:5      | Found a staircase to the Ecumenical Temple.
  4005 | Temple   | Entered the Ecumenical Temple
  4167 | Temple   | Became a worshipper of Ashenzari the Shackled
  4267 | D:5      | Reached skill level 9 in Hexes
  4978 | D:6      | Reached skill level 5 in Short Blades
  4984 | D:6      | Reached skill level 10 in Hexes
  5322 | D:6      | Found a deep blue altar of Sif Muna.
  5325 | D:6      | Reached skill level 1 in Shields
  5325 | D:6      | Reached XP level 8. HP: 52/52 MP: 13/13
  5334 | D:6      | Found a snail-covered altar of Cheibriados.
  5334 | D:6      | Found a glowing golden altar of the Shining One.
  5346 | D:6      | Found a basalt altar of Yredelemnul.
  5349 | D:6      | Found a blossoming altar of Fedhas.
  5447 | D:6      | Noticed a slime creature
  5466 | D:6      | Killed a slime creature
  5878 | D:7      | Noticed cedor's ghost (experienced DsSk)
  5917 | D:7      | Slain by cedor's ghost

Action                   |  1- 3 |  4- 6 |  7- 9 || total
-------------------------+-------+-------+-------++-------
Melee: Dagger            |   119 |   129 |   149 ||   397
 Cast: Confuse           |     4 |    18 |    10 ||    32
       Ensorcelled Hiber |       |     9 |    43 ||    52
       Corona            |       |       |     1 ||     1
Evoke: Wand              |       |     1 |       ||     1
  Use: Potion            |     2 |     2 |     3 ||     7
       Scroll            |     5 |     3 |     4 ||    12
 Stab: Sleeping          |     6 |    14 |    36 ||    56
       Confused          |     1 |     7 |     3 ||    11
